Map: Romanticide LE

Players

KingCobra

  • Race: Protoss Protoss

MaxPax - Winner!

  • Race: Protoss Protoss

Event: DreamHack SC2 Masters 2021 Winter

VOD

Have the link to the VOD?

Description

Time

  • Played on: Oct. 2, 2021, 10:41 a.m.
  • Length: 4:39

All games in this series

Show
View Real Time Build Order
Export as new Build Order

KingCobra Protoss 

Build Orders:  

Get SALT Encoding   

  12  0:00  Probe  
  13  0:12  Probe  
  14  0:17  Pylon  
  14  0:24  Probe  
  15  0:35  Gateway  
  15  0:37  Probe (Chrono Boost)  
  16  0:46  Probe (Chrono Boost)  
  16  0:47  Assimilator  
  17  0:51  Probe (Chrono Boost)  
  18  1:03  Probe (Chrono Boost)  
  19  1:04  Assimilator  
  19  1:10  Pylon  
  19  1:13  Probe (Chrono Boost)  
  19  1:18  Probe (Chrono Boost)  
  20  1:23  Cybernetics Core  
  21  1:29  Probe  
  22  1:40  Gateway  
  22  1:43  Probe  
  23  1:50  Cybernetics Core  
  23  1:58  Pylon  
  23  2:00  Warp Gate (Chrono Boost)  
  23  2:08  Stalker  
  25  2:18  Pylon  
  25  2:27  Stalker  
  27  2:33  Gateway  
  27  2:45  Stalker  
  29  2:51  Gateway  
  26  3:14  Pylon  
  26  3:28  Probe  
  26  3:30  Shield Battery  
  27  3:41  Stalker x3  
  27  3:47  Stalker  
Show
View Real Time Build Order
Export as new Build Order

MaxPax Protoss - Winner!

Build Orders: Oracle Opening 

Get SALT Encoding   

  12  0:00  Probe  
  13  0:12  Probe  
  14  0:19  Pylon  
  14  0:24  Probe  
  15  0:37  Probe (Chrono Boost)  
  15  0:38  Gateway  
  16  0:48  Probe (Chrono Boost), Assimilator  
  17  0:53  Probe (Chrono Boost)  
  18  1:04  Probe (Chrono Boost)  
  19  1:08  Assimilator  
  19  1:09  Pylon  
  19  1:16  Probe (Chrono Boost)  
  20  1:22  Probe (Chrono Boost)  
  21  1:25  Cybernetics Core  
  21  1:28  Zealot  
  21  1:31  Probe  
  24  1:43  Probe  
  25  1:55  Probe  
  26  2:02  Stargate, Adept (Chrono Boost)  
  26  2:07  Probe  
  29  2:14  Pylon  
  29  2:18  Warp Gate  
  29  2:20  Probe  
  30  2:32  Stalker, Probe  
  33  2:38  Pylon  
  33  2:44  Probe  
  34  2:51  Oracle (Chrono Boost)  
  37  2:56  Probe, Shield Battery  
  38  3:19  Nexus  
  38  3:33  Pylon  
  38  3:35  Shield Battery  
  38  3:38  Forge  
  38  3:45  Void Ray (Chrono Boost)  
  41  3:58  Shield Battery  
  41  4:05  Sentry  
  41  4:08  Shield Battery  
  38  4:15  Pylon  
  38  4:19  Pylon  

Tags
 
Add a new tag
Caveats
  • Supply blocks, unpowered buildings, or Contaminate may cause inaccurate times.
  • Supply counts are checked every 10 seconds.